 Dungeon Crawl Stone Soup version 0.31.0-10-gcf4a605ca0 (webtiles) character file.

Game seed: 4309613717023890212

2345 sanka the Grappler (level 9, -3/88 HPs)
             Began as a Troll Monk on Jan 25, 2024.
             Was a Follower of Okawaru.
             Slain by a killer bee (8 damage)
             ... on level 7 of the Dungeon.
             The game lasted 00:07:46 (5898 turns).

sanka the Grappler (Troll Monk)                     Turns: 5898, Time: 00:07:48

Health: -3/88      AC:  4    Str: 21    XL:     9   Next: 20%
Magic:  8/8        EV: 10    Int:  6    God:    Okawaru [*.....]
Gold:   297        SH:  0    Dex: 16    Spells: 8/8 levels left

rFire   . .          .
                       - Unarmed
rCold   . . .        c - orb {light}
rNeg    . . .        a - +0 robe
rPois   .            (helmet restricted)
rElec   .            (no cloak)
rCorr   .            (gloves unavailable)
SInv    .            (boots unavailable)
Will    +....        (no amulet)
Stlth   +            (no ring)
HPRegen 1.14/turn    (no ring)
MPRegen 0.11/turn

%: no passive effects
@: confused, lethally poisoned (-3 -> -7), ambrosia-drunk, enlightened, flying,
glowing
A: large, unfitting armour, claws 3, regeneration 1, shaggy fur 1, tough skin 1
a: Renounce Religion, Heroism


You were on level 7 of the Dungeon.
You worshipped Okawaru.
Okawaru was aware of your devotion.
You visited 2 branches of the dungeon, and saw 8 of its levels.

You collected 297 gold pieces.


Innate Abilities, Weirdness & Mutations

You are too large for most types of armour.
You have claws for hands.
Your natural rate of healing is unusually fast.
You are covered in fur. (AC +1)
You have tough skin. (AC +1)


   Skills:
 + Level 5.2 Fighting
 - Level 2.4 Dodging
 - Level 10.0 Unarmed Combat
 + Level 0.8 Invocations
 + Level 4.9 Shapeshifting


You had 8 spell levels left.
You didn't know any spells.
Your spell library contained the following spells:

 Spells                   Type           Power      Damage    Failure   Level
 Kiss of Death            Conj/Necr      0%         2d5       45%         1
 Confusing Touch          Hex            0%         N/A       83%         3
 Stone Arrow              Conj/Erth      0%         3d7       83%         3
 Dispel Undead            Necr           0%         3d6       99%         4
 Lehudib's Crystal Spear  Conj/Erth      0%         10d2      100%        8
 Animate Armour           Summ/Erth      Unusable   N/A       N/A         4

Inventory:

Missiles
 j - 2 curare-tipped darts {=f}
 w - 4 throwing nets {=f}
Armour
 a - a +0 robe (worn)
 c - an orb of light (worn)
Jewellery
 G - an amulet of magic regeneration
Talismans
 k - a flux talisman
 q - a serpent talisman
 v - a blade talisman
 y - a flux talisman
Wands
 o - a wand of flame (32)
Scrolls
 d - 3 scrolls of teleportation {unknown}
 g - 6 scrolls of identify {unknown}
 l - 2 scrolls of enchant armour {unknown}
 m - a scroll of brand weapon {unknown}
 n - a scroll of fog {unknown}
 s - a scroll of immolation {unknown}
 t - 2 scrolls of vulnerability {unknown}
 A - 3 scrolls of acquirement {unknown}
 C - a scroll of noise {unknown}
 D - a scroll of silence {unknown}
 E - a scroll of blinking {unknown}
Potions
 e - 2 potions of heal wounds {unknown}
 f - 2 potions of brilliance {unknown}
 h - a potion of berserk rage {unknown}
 i - a potion of resistance {unknown}
 p - a potion of invisibility {unknown}
 r - a potion of mutation {unknown}
 u - a potion of might {unknown}
 x - a potion of attraction {unknown}
 z - a potion of enlightenment
 B - a potion of lignification {unknown}
 F - a potion of curing {unknown}

Dungeon Overview and Level Annotations

Branches:
Dungeon (7/15)             Temple (1/1) D:4

Altars:
Ashenzari
Cheibriados
Dithmenos
Fedhas
Gozag
Okawaru
Qazlal
Trog
Uskayaw
Wu Jian
Xom

... ... ▒.▒ ▒.▒
▒▒▒▒▒.▒▒▒
..▒▒▒▒.......▒
........▒▒.▒y▒▒▒▒▒..
.....$.)...yT...$...
........▒▒<▒y▒▒▒▒▒..
..▒▒▒▒......y▒
▒▒▒▒▒▒.▒▒ ▒.▒ ▒.▒
▒.▒ ▒.▒ .▒


You could see 4 killer bees.


Message History

The killer bee stings you.
* * * LOW HITPOINT WARNING * * *
The killer bee stings you!
* * * LOW HITPOINT WARNING * * *
You are more poisoned.
The killer bee poisons you! The killer bee barely misses you.
The killer bee barely misses you.
* * * LOW HITPOINT WARNING * * *
You feel very sick.
Unknown command.
Unknown command.
You are confused.
You feel invigorated.
You feel very sick. The killer bee closely misses you.
The killer bee stings you!
* * * LOW HITPOINT WARNING * * *
The killer bee closely misses you.
Unknown command.
Unknown command.
It was a potion of enlightenment.
You feel very buoyant.
You fly up into the air.
* * * LOW HITPOINT WARNING * * *
You feel very sick. The killer bee barely misses you.
The killer bee closely misses you. The killer bee stings you!
You die...

Action                     |  1- 3 |  4- 6 |  7- 9 || total
---------------------------+-------+-------+-------++-------
  Melee: Unarmed           |    63 |    55 |   289 ||   407
    Use: Potion            |       |       |     2 ||     2
 Armour: Robe              |    33 |    24 |   183 ||   240
  Dodge: Dodged            |    22 |    17 |   134 ||   173

Levels and vault maps discovered:
D:1:      ldierk_walled_garden, layout_rooms
D:2:      layout_loops_ring, basic_altar
D:3:      layout_loops_ring, uniq_ijyb
D:4:      layout_basic, bloody_trog, minmay_temple_entry_grid
D:5:      lemuel_castle_with_subvaults [lemuel_castle_interior_carwin_1],
          layout_cave_pods, hex_medium
D:6:      layout_loops_ring, mainiacjoe_overflow_chevrons, grunt_ministairs_6,
          grunt_decor_clamped
D:7:      layout_loops_cross, grunt_ministairs_10
Temple:   nicolae_temple_panitentiary

Notes
Turn   | Place    | Note
-------+----------+-------------------------------------------
     0 | D:1      | sanka the Troll Monk began the quest for the Orb.
     0 | D:1      | Reached XP level 1. HP: 22/22 MP: 0/0
   104 | D:1      | Reached XP level 2. HP: 24/29 MP: 1/1
   241 | D:1      | Reached skill level 4 in Unarmed Combat
   441 | D:2      | Found an opulent altar of Gozag.
   536 | D:2      | Reached XP level 3. HP: 36/36 MP: 2/2
  1163 | D:3      | Reached XP level 4. HP: 44/44 MP: 3/3
  1172 | D:3      | Noticed Ijyb
  1181 | D:3      | Killed Ijyb
  1182 | D:3      | Reached skill level 5 in Unarmed Combat
  1295 | D:3      | Reached XP level 5. HP: 50/50 MP: 4/4
  1355 | D:6      | Noticed an ogre
  1358 | D:6      | Reached skill level 6 in Unarmed Combat
  1361 | D:6      | Killed an ogre
  1431 | D:6      | Found a blossoming altar of Fedhas.
  1463 | D:6      | Noticed an ogre
  1471 | D:6      | Killed an ogre
  1472 | D:6      | Reached skill level 7 in Unarmed Combat
  1472 | D:6      | Reached XP level 6. HP: 59/59 MP: 5/5
  1545 | D:6      | Reached skill level 8 in Unarmed Combat
  1585 | D:6      | Reached XP level 7. HP: 66/66 MP: 6/6
  1700 | D:6      | Reached skill level 9 in Unarmed Combat
  2246 | D:5      | Entered Level 5 of the Dungeon
  2259 | D:5      | Reached XP level 8. HP: 74/74 MP: 7/7
  2303 | D:5      | Reached skill level 10 in Unarmed Combat
  2318 | D:5      | Reached skill level 1 in Shapeshifting
  2439 | D:5      | Reached skill level 3 in Fighting
  2502 | D:5      | Reached skill level 2 in Shapeshifting
  2740 | D:5      | Reached skill level 3 in Shapeshifting
  2747 | D:5      | Reached skill level 4 in Fighting
  3158 | D:5      | Reached skill level 4 in Shapeshifting
  3387 | D:5      | Reached XP level 9. HP: 87/87 MP: 8/8
  3519 | D:5      | Reached skill level 5 in Fighting
  4478 | D:4      | Found a staircase to the Ecumenical Temple.
  4494 | Temple   | Entered the Ecumenical Temple
  4494 | Temple   | Noticed a Hell Sentinel
  4494 | Temple   | Noticed a shadow demon
  4495 | Temple   | Noticed Zurhecib the pandemonium lord
  4498 | Temple   | Noticed a tormentor
  4498 | Temple   | Noticed a tormentor
  4498 | Temple   | Noticed Xilox the pandemonium lord
  4498 | Temple   | Noticed Beedum the pandemonium lord
  4499 | Temple   | Noticed a Tzitzimitl
  4499 | Temple   | Noticed a Tzitzimitl
  4499 | Temple   | Noticed a soul eater
  4499 | Temple   | Noticed Syroh the pandemonium lord
  4501 | Temple   | Noticed a soul eater
  4513 | Temple   | Became a worshipper of Warmaster Okawaru
  4513 | Temple   | Reached * piety under Okawaru
  4513 | Temple   | Reached ** piety under Okawaru
  5543 | D:4      | Found a bloodstained altar of Trog.
  5897 | D:7      | HP: 4/88 [killer bee (7)]
  5898 | D:7      | Slain by a killer bee

Vanquished Creatures
  A water moccasin (D:5)
  A black bear (D:5)
  An ice beast (D:5)
  4 ogres
  A kobold brigand (D:6)
  5 scorpions
  A gnoll sergeant (D:5)
  A howler monkey (D:6)
  2 bombardier beetles
  5 hounds
  A jelly (D:4)
  5 orc priests (D:6)
  3 gnoll boudas
  Ijyb (D:3)
  A sleepcap (D:5)
  5 iguanas
  4 orc wizards
  30 gnolls
  5 adders
  A white imp (D:6)
  A dart slug (D:3)
  A ribbon worm (D:2)
  35 orcs
  5 endoplasms
  2 giant cockroaches
  4 goblins
  7 hobgoblins
  15 jackals
  7 quokkas
  9 ball pythons
  4 bats
  A frilled lizard (D:3)
  12 kobolds
  5 rats
186 creatures vanquished.
